 Dungeon Crawl Stone Soup version 0.29.0-11-gd7f09526c8 (webtiles) character file.

Game seed: 4272632855304277963

338 Arum the Covered (level 6, -1/51 HPs)
             Began as a Formicid Fighter on Sept 5, 2022.
             Was a Follower of Okawaru.
             Slain by a fire crab (7 damage)
             ... created by the adversity of Qazlal
             ... while petrified by a basilisk
             ... on level 5 of the Dungeon.
             The game lasted 00:04:15 (3382 turns).

Arum the Covered (Formicid Fighter)                 Turns: 3382, Time: 00:04:15

Health: -1/51      AC:  7    Str: 23    XL:     6   Next: 85%
Magic:  6/6        EV:  2    Int:  7    God:    Okawaru [*.....]
Gold:   187        SH:  0    Dex: 13    Spells: 5/5 levels left

rFire   . . .      SeeInvis +   a - +0 quarterstaff
rCold   . . .      Faith    .   c - +0 buckler
rNeg    + + +      Spirit   .   b - +0 scale mail
rPois   ∞          Reflect  .   (helmet unavailable)
rElec   .          Harm     .   (no cloak)
rCorr   .          Rampage  .   (no gloves)
Will    .....                   (no boots)
Stlth   ..........              (no amulet)
HPRegen 0.17/turn               (no ring)
MPRegen 0.10/turn               (no ring)

@: petrified
A: permanent stasis, dig shafts and tunnels, antennae 3, four strong arms
a: Dig, Shaft Self, Renounce Religion, Heroism


You were on level 5 of the Dungeon.
You worshipped Okawaru.
Okawaru was aware of your devotion.
You visited 1 branch of the dungeon, and saw 6 of its levels.

You collected 187 gold pieces.

Inventory:

Hand Weapons
 a - a +0 quarterstaff (weapon)
Armour
 b - a +0 scale mail (worn)
 c - a +0 buckler (worn)
 r - an orb of energy
Jewellery
 n - a ring of willpower
Wands
 q - a wand of roots (3)
Scrolls
 e - 5 scrolls of identify {unknown}
 h - 2 scrolls of immolation {unknown}
 j - 2 scrolls of noise {unknown}
 k - a scroll of poison {unknown}
 l - a scroll of teleportation {unknown}
 m - a scroll of enchant weapon {unknown}
 o - a scroll of vulnerability {unknown}
 s - a scroll of blinking {unknown}
Potions
 d - 2 potions of might
 f - a potion of lignification {unknown}
 g - 2 potions of heal wounds {unknown}
 i - 3 potions of curing {unknown}
 p - a potion of haste {unknown}


   Skills:
 + Level 5.2 Fighting
 + Level 4.1 Staves
 + Level 5.2 Armour
 - Level 4.0 Shields


You had 5 spell levels left.
You didn't know any spells.
Your spell library contained the following spells:

 Spells                   Type           Power      Damage    Failure   Level
 Freeze                   Ice            0%         1d3       80%         1
 Ensorcelled Hibernation  Hex/Ice        0%         N/A       90%         2
 Passwall                 Tmut/Erth      0%         N/A       90%         2
 Frozen Ramparts          Ice            0%         1d1       99%         3
 Hailstorm                Conj/Ice       0%         3d3       100%        4
 Alistair's Intoxication  Tmut/Pois      0%         N/A       100%        5
 Borgnjor's Vile Clutch   Necr/Erth      0%         N/A       100%        5
 Eringya's Noxious Bog    Tmut/Pois      0%         N/A       100%        6
 Swiftness                Air            Unusable   N/A       N/A         3

Dungeon Overview and Level Annotations

Branches:
Dungeon (6/15)             Temple (0/1) D:4

Altars:
Gozag
Makhleb
Okawaru
Qazlal
Trog

Shops:
D:5 [


Innate Abilities, Weirdness & Mutations

You cannot be hasted, slowed, berserked, paralysed or teleported.
You can dig through walls and to a lower floor.
You have a pair of large antennae on your head. (SInv)
Your four strong arms can wield two-handed weapons with a shield.


Message History

The killer bee is heavily wounded.
You feel very sick. The killer bee stings you. x2
You thump the killer bee!
You kill the killer bee!
Okawaru accepts your kill.
You can now gain great but temporary skills.
You feel sick.
Okay, then.
You feel sick.
You feel sick.
You feel sick.
You start resting.
You feel sick. x4
You are no longer poisoned.
You start resting.
You sense a monster nearby.
You start resting.
Qazlal causes a mighty clap of thunder!
Qazlal incites the elements against you!
The divine experience drains your vigour!
Your stasis prevents you from being slowed.
A fire crab and a basilisk come into view.
Unknown command.
You hear an angry buzzing noise.
You hear a bark!
The basilisk gazes at you.
You are slowing down.
Unknown command.
Your limbs are stiffening.
Unknown command.
The fire crab attacks as you move away! You block the fire crab's attack. x2
The fire crab bites you!
You are engulfed in flames!
The fire crab claws you.
You are engulfed in flames!
You have turned to stone.
The fire crab bites you.
* * * LOW HITPOINT WARNING * * *
You are engulfed in flames!
* * * LOW HITPOINT WARNING * * *
The fire crab claws you!
* * * LOW HITPOINT WARNING * * *
You are engulfed in flames!
You die...

.. ...#####
##########
.......#####...l....#
........†......t@...#
.......?###.#.###...#
........# #.#.# #...#
......{.# #.#l###...#
......... ..#.......#
...####.#########...#
... #.. ..#.......#
## #.# #.#.###...# ##
#.#.# #...#


You could see a fire crab and a basilisk.

Vanquished Creatures
  A scorpion (D:6)
  A killer bee (D:5)
  A jelly (D:6)
  An orc wizard (D:2)
  A gnoll (D:1)
  9 adders
  A worm (D:2)
  2 dart slugs
  10 orcs
  12 endoplasms
  4 giant cockroaches
  8 goblins
  6 hobgoblins
  2 jackals (D:3)
  A quokka (D:1)
  3 ball pythons
  4 bats
  5 frilled lizards
  4 kobolds
  A rat (D:2)
77 creatures vanquished.

Notes
Turn   | Place    | Note
-------+----------+-------------------------------------------
     0 | D:1      | Arum the Formicid Fighter began the quest for the Orb.
     0 | D:1      | Reached XP level 1. HP: 18/18 MP: 1/1
   152 | D:1      | Reached XP level 2. HP: 19/24 MP: 2/2
   352 | D:1      | Reached XP level 3. HP: 4/29 MP: 3/3
  1227 | D:2      | Reached XP level 4. HP: 31/37 MP: 4/4
  1771 | D:2      | Reached XP level 5. HP: 35/42 MP: 5/5
  2023 | D:3      | Found a burning altar of Makhleb.
  2042 | D:3      | Found a faded altar of an unknown god.
  2057 | D:3      | Prayed at the altar of an unknown god.
  2057 | D:3      | Became a worshipper of Qazlal Stormbringer
  2057 | D:3      | Reached * piety under Qazlal
  2177 | D:3      | Found an iron altar of Okawaru.
  2258 | D:3      | Fell from the grace of Qazlal
  2258 | D:3      | Became a worshipper of Warmaster Okawaru
  2706 | D:4      | Found a staircase to the Ecumenical Temple.
  2947 | D:4      | You fall into a shaft and drop 2 floors!
  2954 | D:6      | Noticed a water moccasin
  2975 | D:6      | Reached skill level 5 in Armour
  2975 | D:6      | Reached XP level 6. HP: 47/50 MP: 6/6
  3005 | D:6      | Reached skill level 5 in Fighting
  3123 | D:6      | Noticed a water elemental
  3123 | D:6      | Noticed a basilisk
  3128 | D:6      | Found a bloodstained altar of Trog.
  3128 | D:6      | Found an opulent altar of Gozag.
  3140 | D:5      | Entered Level 5 of the Dungeon
  3151 | D:5      | Found Ytuudghuoch's Antique Armour Boutique.
  3206 | D:5      | Reached * piety under Okawaru
  3378 | D:5      | Noticed a fire crab
  3378 | D:5      | Noticed a basilisk
  3382 | D:5      | Slain by a fire crab

Illustrated notes

Levels and vault maps discovered:
D:1:      dpeg_arrival_windows_large_door, layout_basic
D:2:      layout_loops_cross
D:3:      layout_rooms, mainiacjoe_overflow_catwalk,
          mainiacjoe_overflow_concentric_impassable,
          hellmonk_ecumenical_altar_dog_temple
D:4:      layout_gridville, minmay_temple_entry_mini_moons
D:5:      layout_gridville, serial_shops, nicolae_stop_n_shop_1,
          minmay_misc_feat_cross, chequers_arboretum
D:6:      layout_gridville, nicolae_overflow_two_pavilions

Skill      XL: |  1  2  3  4  5  6 |
---------------+-------------------+-----
Fighting       | 4 5 |  5.2
Armour         | 4 5 |  5.2
Staves         | 3 4 |  4.1
Shields        | |  4.0

Action                   |  1- 3 |  4- 6 || total
-------------------------+-------+-------++-------
Melee: Quarterstaff      |    95 |   142 ||   237
 Abil: Dig               |     1 |     1 ||     2
Armor: Scale mail        |    46 |    67 ||   113
Dodge: Dodged            |    61 |    52 ||   113
Block: Buckler           |    30 |    29 ||    59
